[Event "*** Titled Tuesday Blitz"]
[Site "Chess.com"]
[Date "2020.12.29"]
[Round "2"]
[White "konradrutkowski"]
[Black "j2806"]
[Result "1-0"]
[WhiteElo "2370"]
[BlackElo "2000"]
[TimeControl "180+1"]
[EndTime "10:13:40 PST"]
[Termination "konradrutkowski won by resignation"]

1. e4 c5 2. Nf3 Nc6 3. Bb5 Nd4 4. Nxd4 cxd4 5. O-O a6 6. Bc4 e6 7. c3 dxc3 8. Nxc3 Nf6 9. d4 d5 10. exd5 Nxd5 11.
Bxd5 exd5 12. Re1+ Be7 13. Bg5 Be6 14. Bxe7 Kxe7 15. Qb3 Re8 16. Qb4+ Qd6 17. Nxd5+ 1-0

[Event "*** Titled Tuesday Blitz"]
[Site "Chess.com"]
[Date "2020.12.29"]
[Round "2"]
[White "WinOrTilt"]
[Black "Pedrada88"]
[Result "1-0"]
[WhiteElo "2111"]
[BlackElo "2324"]
[TimeControl "180+1"]
[EndTime "10:13:55 PST"]
[Termination "WinOrTilt won by checkmate"]

1. d4 Nf6 2. Nf3 e6 3. e3 c5 4. Bd3 d5 5. c3 Nc6 6. Nbd2 Bd6 7.
O-O O-O 8. Re1 b6 9. e4 dxe4 10. Nxe4 Bb7 11. Nxf6+ Qxf6 12. Bg5 Nxd4 13. Bxf6 Nxf3+ 14.
gxf3 gxf6 15. Be4 Bxe4 16. fxe4 Rad8 17. Qh5 Be5 18. Rad1 c4 19. f4 Bd6 20. Kh1 Kh8 21. e5 Be7 22. Rg1 Rxd1 23. Rxd1 f5 24. Rg1 Rg8 25.
Qxf7 Bc5 26. Rxg8# 1-0

[Event "*** Titled Tuesday Blitz"]
[Site "Chess.com"]
[Date "2020.12.29"]
[Round "2"]
[White "Jenia84"]
[Black "731291"]
[Result "0-1"]
[WhiteElo "2319"]
[BlackElo "2587"]
[TimeControl "180+1"]
[EndTime "10:14:05 PST"]
[Termination "731291 won by resignation"]

1. Nf3 c5 2. e4 e6 3. c4 Nc6 4.
d4 cxd4 5. Nxd4 Nf6 6. Nc3 Bb4 7. Qd3 O-O 8. Be2 d5 9. cxd5 exd5 10. Nxc6 bxc6 11.
O-O Bxc3 12. bxc3 Nxe4 13. c4 Bf5 14. Qf3 Bg6 15. Ba3 Re8 16. cxd5 Nd2 0-1

[Event "*** Titled Tuesday Blitz"]
[Site "Chess.com"]
[Date "2020.12.29"]
[Round "2"]
[White "Olga_Zhuravleva"]
[Black "AttackSparrow"]
[Result "1-0"]
[WhiteElo "2309"]
[BlackElo "2455"]
[TimeControl "180+1"]
[EndTime "10:14:10 PST"]
[Termination "Olga_Zhuravleva won by checkmate"]

1. e4 c5 2. Nf3 e6 3. d4 cxd4 4. Nxd4 Nc6 5. Nc3 Qc7 6. f4 a6 7.
Nxc6 bxc6 8. Qf3 d5 9. Bd3 Nf6 10. O-O Bb7 11. Kh1 c5 12. exd5 Nxd5 13. Nxd5 Bxd5 14.
Be4 Bxe4 15. Qxe4 Rb8 16. b3 Qb7 17. Qe5 Rd8 18. Bb2 Rd5 19. Qe2 Be7 20. Bxg7 Rg8 21. Be5 f6 22. Bb2 Rh5 23. Qxh5+ Kd7 24. Rad1+ Kc7 25.
Rf2 Qe4 26. Qe2 Qf5 27. Qxa6 Rb8 28. Rfd2 Rb6 29. Rd7+ Kc6 30. Qa4+ Rb5 31. Qa8+ Kb6 32. Qa7+ Kc6 33. Qc7# 1-0

[Event "*** Titled Tuesday Blitz"]
[Site "Chess.com"]
[Date "2020.12.29"]
[Round "2"]
[White "carloseduar100"]
[Black "wonderfultime"]
[Result "0-1"]
[WhiteElo "2089"]
[BlackElo "3018"]
[TimeControl "180+1"]
[EndTime "10:14:11 PST"]
[Termination "wonderfultime won by resignation"]

1. d4 d5 2. c3 Nf6 3. Bg5 Ne4 4. h4 Nxg5 5. hxg5 c5 6. e3 e6 7. Nf3 Nc6 8. Bd3 g6 9. Nbd2 Be7 10. dxc5 Bxc5 11.
e4 Be7 12. exd5 exd5 13. Qe2 O-O 14. O-O-O Re8 15. Rde1 Bd7 16. Qe3 d4 17. Nxd4 Bxg5 18. Nxc6 Rxe3 19. Nxd8 Rxd3 20. Nxb7 Rxd2 21. Kb1 Rb8 0-1

[Event "*** Titled Tuesday Blitz"]
[Site "Chess.com"]
[Date "2020.12.29"]
[Round "2"]
[White "MasterKroket"]
[Black "Gerryisplaying"]
[Result "1-0"]
[WhiteElo "2478"]
[BlackElo "2297"]
[TimeControl "180+1"]
[EndTime "10:14:14 PST"]
[Termination "MasterKroket won by checkmate"]

1. d4 d5 2. c4 e6 3. Nc3 a6 4. cxd5 exd5 5. Nf3 h6 6. Bf4 Nf6 7. e3 Bd6 8. Bg3 O-O 9. Bd3 Be6 10. O-O Qe7 11.
Rc1 Bxg3 12. hxg3 Nbd7 13. a3 c5 14. dxc5 Nxc5 15. Bb1 Rfd8 16. Nd4 Bg4 17. Qd2 Nce4 18. Nxe4 dxe4 19. Qa5 Rac8 20. Qb6 Rxc1 21. Rxc1 Rc8 22. Rxc8+ Bxc8 23. Ba2 Nd7 24. Qc7 Qc5 25. Qd8+ Kh7 26.
Bxf7 Ne5 27. Qg8# 1-0

[Event "*** Titled Tuesday Blitz"]
[Site "Chess.com"]
[Date "2020.12.29"]
[Round "2"]
[White "Jungle_Jaguar"]
[Black "ferdipy"]
[Result "1-0"]
[WhiteElo "2612"]
[BlackElo "2161"]
[TimeControl "180+1"]
[EndTime "10:14:15 PST"]
[Termination "Jungle_Jaguar won by resignation"]

1. e4 c5 2. Nf3 d6 3. d4 cxd4 4. Nxd4 Nf6 5. Nc3 g6 6. Be3 Bg7 7. f3 O-O 8. Qd2 Nc6 9. O-O-O d5 10. exd5 Nxd5 11. Nxc6 bxc6 12. Bd4 e5 13. Bc5 Be6 14. Ne4 Rb8 15. g4 h6 16. h4 f5 17.
gxf5 gxf5 18. Nc3 e4 19. Rg1 Kh7 20. Bd4 e3 21. Rxg7+ 1-0

[Event "*** Titled Tuesday Blitz"]
[Site "Chess.com"]
[Date "2020.12.29"]
[Round "2"]
[White "esskeettit"]
[Black "Andrakhanova"]
[Result "1-0"]
[WhiteElo "2453"]
[BlackElo "2244"]
[TimeControl "180+1"]
[EndTime "10:14:18 PST"]
[Termination "esskeettit won by checkmate"]

1. d4 d5 2. c4 e6 3. Nc3 c6 4. e3 Nf6 5. Nf3 Nbd7 6. Bd3 dxc4 7. Bxc4 b5 8. Bd3 b4 9. Ne4 c5 10. O-O Bb7 11. Nxf6+ gxf6 12. e4 cxd4 13. Nxd4 Bd6 14.
Qh5 a6 15. Nxe6 Qe7 16. Ng7+ Kd8 17. Nf5 Qe5 18. g3 Bc5 19. Bf4 Qxb2 20. Qxf7 Rf8 21. Qxh7 Bxf2+ 22. Rxf2 Qxa1+ 23. Kg2 Rc8 24. Qe7# 1-0

[Event "*** Titled Tuesday Blitz"]
[Site "Chess.com"]
[Date "2020.12.29"]
[Round "2"]
[White "igorkovalenko"]
[Black "FelixJoseYnojosa"]
[Result "1-0"]
[WhiteElo "2910"]
[BlackElo "2570"]
[TimeControl "180+1"]
[EndTime "10:14:20 PST"]
[Termination "igorkovalenko won by resignation"]

1. d4 Nf6 2. Nf3 e6 3. e3 d5 4.
Bd3 c5 5. b3 Nc6 6. O-O Bd6 7.
Bb2 O-O 8. dxc5 Bxc5 9. a3 a6 10. b4 Ba7 11. Nbd2 b5 12. Nb3 Qe7 13. Nfd4 Ne5 14. Na5 Nc4 15. Bxc4 bxc4 16. Ndc6 Qc7 17. Nxa7 Rxa7 18. Bxf6 gxf6 19. Qg4+ Kh8 20. Qd4 Kg7 21. f4 e5 22. fxe5 Qxe5 23. Qxa7 1-0

[Event "*** Titled Tuesday Blitz"]
[Site "Chess.com"]
[Date "2020.12.29"]
[Round "2"]
[White "AlessiaSanteramo"]
[Black "Triumphmate"]
[Result "0-1"]
[WhiteElo "2135"]
[BlackElo "2400"]
[TimeControl "180+1"]
[EndTime "10:14:22 PST"]
[Termination "Triumphmate won by checkmate"]

1. e4 d5 2. exd5 Nf6 3. d4 Bg4 4. Be2 Bxe2 5. Qxe2 Qxd5 6. Nf3 Nc6 7. Be3 e6 8. Nc3 Qd7 9. O-O-O Bb4 10. d5 Bxc3 11. dxc6 Bxb2+ 12. Kxb2 Qxc6 13. Nd4 Qb6+ 14. Qb5+ c6 15. Qxb6 axb6 16. c4 O-O 17. f3 Ra4 18. Nb3 Rfa8 19. Ra1 Rxc4 20. Bxb6 Nd5 21. Bf2 Nb4 22.
Bc5 Nd3+ 23. Kb1 Nxc5 24. Nxc5 Rxc5 25. Kb2 Ra6 26. a3 Rb6+ 27. Ka2 Rc2# 0-1

[Event "*** Titled Tuesday Blitz"]
[Site "Chess.com"]
[Date "2020.12.29"]
[Round "2"]
[White "Legendinunknown"]
[Black "Twitch_ElhamBlitz05"]
[Result "0-1"]
[WhiteElo "2571"]
[BlackElo "2904"]
[TimeControl "180+1"]
[EndTime "10:14:38 PST"]
[Termination "Twitch_ElhamBlitz05 won by resignation"]

1. d4 Nf6 2. c4 e6 3. Nc3 d5 4. Nf3 dxc4 5. e4 b5 6. e5 Nd5 7.
Nxb5 Nb6 8. Be2 Be7 9. O-O O-O 10. Be3 Nc6 11. Rc1 Rb8 12. Qd2 Bb7 13. Na3 Nb4 14. Nxc4 Nxa2 15. Ra1 Nb4 16. Rxa7 Nxc4 17. Bxc4 Bxf3 18.
gxf3 Nd5 19. Rc1 Bb4 20. Qd3 c5 21. Bxd5 Qxd5 22. dxc5 Qxd3 0-1

[Event "*** Titled Tuesday Blitz"]
[Site "Chess.com"]
[Date "2020.12.29"]
[Round "2"]
[White "PlotnikovPavel"]
[Black "yoelpolanco"]
[Result "1-0"]
[WhiteElo "2448"]
[BlackElo "2242"]
[TimeControl "180+1"]
[EndTime "10:14:45 PST"]
[Termination "PlotnikovPavel won on time"]

1. e4 e5 2. Nc3 Nf6 3. Nf3 Nc6 4. Be2 Bc5 5. Nxe5 Bxf2+ 6. Kxf2 Nxe5 7. d4 Ng6 8. Rf1 d5 9. exd5 Nxd5 10. Kg1 O-O 11.
Bc4 Nxc3 12. bxc3 Qd6 13. a4 c6 14. Ba3 1-0

[Event "*** Titled Tuesday Blitz"]
[Site "Chess.com"]
[Date "2020.12.29"]
[Round "2"]
[White "Nemsko"]
[Black "Artyom_ChessMate"]
[Result "0-1"]
[WhiteElo "2309"]
[BlackElo "2509"]
[TimeControl "180+1"]
[EndTime "10:14:53 PST"]
[Termination "Artyom_ChessMate won by resignation"]

1. e4 c5 2. Nf3 d6 3. d4 cxd4 4. Nxd4 Nf6 5. Nc3 g6 6. Be3 Bg7 7. f3 O-O 8. Qd2 Nc6 9. O-O-O d5 10. Qe1 e5 11. Nxc6 bxc6 12. exd5 Nxd5 13. Bc4 Be6 14. Ne4 Re8 15. Bc5 f5 16. Nd6 Bf8 17.
Nb7 Qg5+ 18. Kb1 Rab8 19. Bxf8 Rxb7 20. Bd6 Ne3 21. Bxe6+ Rxe6 22. Rd2 Nc4 23. f4 Qxf4 0-1

[Event "*** Titled Tuesday Blitz"]
[Site "Chess.com"]
[Date "2020.12.29"]
[Round "2"]
[White "KyrgyzFighter"]
[Black "arna"]
[Result "0-1"]
[WhiteElo "2382"]
[BlackElo "2140"]
[TimeControl "180+1"]
[EndTime "10:14:59 PST"]
[Termination "arna won by resignation"]

1. c4 e5 2. Nc3 Nf6 3. Nf3 e4 4. Ng5 b5 5. Ngxe4 Nxe4 6. Nxe4 bxc4 7. Qa4 Be7 8. Nc3 O-O 9. Qxc4 Bb7 10. d4 Bg5 11. e4 d5 12. exd5 Bxc1 13. Rxc1 Re8+ 14.
Be2 Nd7 15. O-O Nb6 16. Qd3 Nxd5 17. Nxd5 Bxd5 18. Bf3 c6 19. b3 Bxf3 20. Qxf3 Qxd4 21. Rxc6 Qe5 22. Rc7 Qxc7 0-1

[Event "*** Titled Tuesday Blitz"]
[Site "Chess.com"]
[Date "2020.12.29"]
[Round "2"]
[White "AdarshIsMe"]
[Black "MokshanovAlexey"]
[Result "0-1"]
[WhiteElo "2190"]
[BlackElo "2614"]
[TimeControl "180+1"]
[EndTime "10:15:00 PST"]
[Termination "MokshanovAlexey won by checkmate"]

1. e4 e6 2. d3 d5 3. Nd2 Nf6 4. Ngf3 c5 5. g3 Nc6 6. Bg2 Be7 7. O-O O-O 8. e5 Nd7 9. Re1 b5 10. Nf1 a5 11. h4 h6 12. Bf4 Bb7 13. Qd2 Qc7 14.
Ne3 Rfc8 15. Ng4 Bf8 16. Nf6+ gxf6 17. exf6 Qd8 18. Ne5 Ndxe5 19. Rxe5 Qxf6 20. Rh5 Qg6 21. Bf3 Nd4 22. Bd1 Nf5 23. g4 d4 24. Kh2 Bd6 25.
gxf5 Qg2# 0-1

[Event "*** Titled Tuesday Blitz"]
[Site "Chess.com"]
[Date "2020.12.29"]
[Round "2"]
[White "Chessdreamer2020"]
[Black "FishThatRoared"]
[Result "1-0"]
[WhiteElo "2484"]
[BlackElo "2106"]
[TimeControl "180+1"]
[EndTime "10:15:00 PST"]
[Termination "Chessdreamer2020 won by resignation"]

1. e4 c5 2. Nf3 d6 3. d4 cxd4 4. Qxd4 Bd7 5. h3 Nc6 6. Qe3 g6 7.
Be2 Bg7 8. O-O Nf6 9. Rd1 O-O 10.
c4 a6 11. Nc3 Rb8 12. Rb1 Qa5 13. a3 Be6 14. b4 Qd8 15. Bb2 Nd7 16. Nd5 h6 17.
Bxg7 Kxg7 18. Rbc1 Bxd5 19. exd5 Nce5 20. Nd4 Nb6 21.
f4 Ned7 22. Re1 Re8 23. h4 h5 24. f5 Ne5 25. fxg6 1-0

[Event "*** Titled Tuesday Blitz"]
[Site "Chess.com"]
[Date "2020.12.29"]
[Round "2"]
[White "OparinGrigoriy"]
[Black "Deepweb2020"]
[Result "1-0"]
[WhiteElo "2965"]
[BlackElo "2359"]
[TimeControl "180+1"]
[EndTime "10:15:13 PST"]
[Termination "OparinGrigoriy won by resignation"]

1. c4 Nf6 2. Nc3 e6 3. e4 d5 4. cxd5 exd5 5. e5 Nfd7 6. d4 Nb6 7. f4 g6 8. Nf3 c6 9. Be2 Bf5 10. O-O Be7 11. Be3 O-O 12. h3 h5 13. Ng5 Bxg5 14. fxg5 N8d7 15. Bxh5 Kg7 16. Bg4 Bxg4 17. Qxg4 Nc4 18.
Rf3 Nxe3 19. Rxe3 Qe7 20. Rf1 Rad8 21. Ref3 Qe6 22. Rxf7+ Qxf7 23. Rxf7+ Rxf7 24. e6 Re7 25. exd7 Rdxd7 26. Ne2 Rd6 27. Nf4 Re4 28. h4 Rxd4 29. h5 Re6 30. Nxe6+ 1-0

[Event "*** Titled Tuesday Blitz"]
[Site "Chess.com"]
[Date "2020.12.29"]
[Round "2"]
[White "arctic_t00"]
[Black "MikeSailer"]
[Result "1-0"]
[WhiteElo "2610"]
[BlackElo "2133"]
[TimeControl "180+1"]
[EndTime "10:15:15 PST"]
[Termination "arctic_t00 won by resignation"]

1. d4 d5 2. c4 Bf5 3. Nc3 e6 4. Nf3 Nc6 5. cxd5 exd5 6. Bf4 Bb4 7. e3 Nf6 8. Bd3 Ne4 9. Rc1 O-O 10. O-O Re8 11. Bb5 Bxc3 12. bxc3 Re6 13. c4 dxc4 14. d5 Rg6 15. dxc6 bxc6 16. Qxd8+ Rxd8 17. Bxc4 Bh3 18. Bg3 Bg4 19. Ne5 Rg5 20. Nxg4 Rxg4 21. Bxc7 Rd7 22. f3 1-0

[Event "*** Titled Tuesday Blitz"]
[Site "Chess.com"]
[Date "2020.12.29"]
[Round "2"]
[White "Gabrielian_Artur"]
[Black "tvjosue"]
[Result "1-0"]
[WhiteElo "2790"]
[BlackElo "2524"]
[TimeControl "180+1"]
[EndTime "10:15:16 PST"]
[Termination "Gabrielian_Artur won by resignation"]

1. e4 c5 2. Nc3 a6 3. g3 b5 4. Bg2 Bb7 5. d3 e6 6. f4 Nf6 7.
Nh3 d5 8. f5 exf5 9. exf5 b4 10. Ne2 Be7 11. O-O O-O 12. Bg5 Nbd7 13. Nhf4 h6 14.
Bh4 Re8 15. h3 Qb6 16. Kh2 Rad8 17. Qd2 d4 18. Ng1 Qc7 19. Rae1 Nb6 20. Rxe7 Rxe7 21. Bxb7 Qxb7 22. Bxf6 gxf6 23. Nh5 Re3 24. Nxf6+ Kg7 25. Ng4 Rde8 26. f6+ Kh7 27. Qf2 Qd7 28. Qf4 1-0

[Event "*** Titled Tuesday Blitz"]
[Site "Chess.com"]
[Date "2020.12.29"]
[Round "2"]
[White "Ermito2020"]
[Black "PavelChernomordik"]
[Result "1-0"]
[WhiteElo "2630"]
[BlackElo "2281"]
[TimeControl "180+1"]
[EndTime "10:15:20 PST"]
[Termination "Ermito2020 won by checkmate"]

1. e4 g6 2. d4 Bg7 3. Nc3 d6 4. Be3 a6 5. h4 h6 6. g4 b5 7. f3 Bb7 8. Nh3 e6 9. g5 h5 10. Bg2 Ne7 11. f4 Nd7 12. O-O Nb6 13.
b3 c5 14. dxc5 dxc5 15. e5 Bxg2 16. Kxg2 Qc7 17. Ne4 Nf5 18. Bxc5 Rd8 19. Qe2 Nxh4+ 20.
Kh2 Nf5 21. Rad1 Bf8 22. Nf6# 1-0

[Event "*** Titled Tuesday Blitz"]
[Site "Chess.com"]
[Date "2020.12.29"]
[Round "2"]
[White "ARMQUEEN"]
[Black "Zemerovv"]
[Result "1-0"]
[WhiteElo "2415"]
[BlackElo "2182"]
[TimeControl "180+1"]
[EndTime "10:15:22 PST"]
[Termination "ARMQUEEN won by resignation"]

1. e4 b6 2. d4 Bb7 3. Nc3 g6 4. f4 Bg7 5. Nf3 e6 6. Be3 Ne7 7. Be2 f5 8. e5 O-O 9. O-O Nd5 10. Nxd5 Bxd5 11. c4 Be4 12. Ng5 Bb7 13. Bf3 Bxf3 14. Qxf3 Nc6 15. d5 Na5 16. dxe6 Nxc4 17. Rad1 Nxe3 18.
Qxe3 h6 19. Rxd7 Qe8 20. Nf3 Qxe6 21. Rfd1 Rac8 22. Qa3 Rf7 23. Rxf7 Qxf7 24. Qxa7 Qc4 25. Qb7 Re8 26. h3 Qxa2 27. Qxc7 Qxb2 28. Rd7 Bf8 29. Qc4+ Kh8 30. Qf7 Qc1+ 31. Kh2 1-0

[Event "*** Titled Tuesday Blitz"]
[Site "Chess.com"]
[Date "2020.12.29"]
[Round "2"]
[White "AlexeiShirov"]
[Black "Brave_spirit12"]
[Result "1-0"]
[WhiteElo "2831"]
[BlackElo "2538"]
[TimeControl "180+1"]
[EndTime "10:15:23 PST"]
[Termination "AlexeiShirov won by resignation"]

1. e4 e6 2. d4 d5 3. e5 c5 4. c3 Nc6 5. Nf3 Qb6 6. Be2 f6 7. O-O c4 8. b3 cxb3 9. axb3 g6 10. Na3 Bd7 11. Nb5 a6 12. c4 Rc8 13.
Nd6+ Bxd6 14. exd6 Kf7 15. c5 Qd8 16. b4 Nxb4 17.
Rb1 a5 18. Ba3 Bc6 19. Bxb4 axb4 20. Rxb4 Qd7 21. Qb3 Nh6 22. Bb5 Bxb5 23. Rxb5 Rb8 24. Rb1 g5 25. Rxb7 Rxb7 26. Qxb7 Qxb7 27. Rxb7+ Kg6 28.
d7 Ra8 29. h3 Nf7 30. c6 Nd8 31. c7 1-0

[Event "*** Titled Tuesday Blitz"]
[Site "Chess.com"]
[Date "2020.12.29"]
[Round "2"]
[White "Neftegor"]
[Black "jcibarra"]
[Result "0-1"]
[WhiteElo "2567"]
[BlackElo "2900"]
[TimeControl "180+1"]
[EndTime "10:15:25 PST"]
[Termination "jcibarra won by resignation"]

1. d4 Nf6 2. c4 g6 3. Nc3 Bg7 4.
e4 d6 5. Nf3 O-O 6. Be2 e5 7. O-O Nc6 8. d5 Ne7 9. Bg5 h6 10. Bxf6 Bxf6 11. b4 a5 12. a3 Bg7 13.
Rc1 axb4 14. axb4 f5 15. Nd2 h5 16. exf5 Nxf5 17. Nde4 Bh6 18. Rb1 Nd4 19. Bd3 Bg4 20.
f3 Bf5 21. Re1 h4 22. h3 Qd7 23. Nf2 Ra3 24. Nce4 Bf4 25. Ng4 Kg7 26. Kh1 Qa4 27.
Qxa4 Rxa4 28. c5 Ra3 29. Bc4 Rd8 30. cxd6 cxd6 31. Ng5 Bxb1 0-1

[Event "*** Titled Tuesday Blitz"]
[Site "Chess.com"]
[Date "2020.12.29"]
[Round "2"]
[White "vinniethepooh"]
[Black "Jadeit90"]
[Result "1-0"]
[WhiteElo "2696"]
[BlackElo "2355"]
[TimeControl "180+1"]
[EndTime "10:15:28 PST"]
[Termination "vinniethepooh won by resignation"]

1. d4 g6 2. c4 Bg7 3. Nc3 c5 4. d5 d6 5. Nf3 Nf6 6. e4 O-O 7. Be2 e6 8. O-O exd5 9. exd5 Na6 10. h3 Nc7 11. Bf4 a6 12. a4 Rb8 13. Qd2 Re8 14. Rfe1 Bf5 15. Bd3 Bxd3 16. Qxd3 Qd7 17. a5 Rxe1+ 18. Rxe1 Re8 19. Rb1 Qe7 20. b4 Nd7 21. b5 Ne5 22. Bxe5 Bxe5 23. b6 Na8 24.
Re1 f6 25. Nxe5 fxe5 26. Ne4 Qd8 27. Re3 Nxb6 28. axb6 Qxb6 29. Nf6+ 1-0

[Event "*** Titled Tuesday Blitz"]
[Site "Chess.com"]
[Date "2020.12.29"]
[Round "2"]
[White "Ze-Pequeno"]
[Black "krzyzan94"]
[Result "0-1"]
[WhiteElo "2325"]
[BlackElo "2644"]
[TimeControl "180+1"]
[EndTime "10:15:31 PST"]
[Termination "krzyzan94 won by resignation"]

1. e4 e5 2. Nf3 Nc6 3. Nc3 Nf6 4. d4 exd4 5. Nxd4 Bb4 6. Nxc6 bxc6 7. Bd3 d5 8. exd5 O-O 9. O-O Bg4 10. Be2 Bxe2 11.
Nxe2 cxd5 12. Bg5 Be7 13. Nd4 Qd7 14. Qf3 Ne4 15. Bxe7 Qxe7 16. Rfe1 Rfe8 17. c3 g6 18. Rad1 c5 19. Nb3 Rad8 20. h3 Ng5 21. Qf4 Qxe1+ 22.
Rxe1 Rxe1+ 23. Kh2 Ne6 24. Qf6 Re8 25. Na5 d4 26. c4 d3 27. Nc6 0-1

[Event "*** Titled Tuesday Blitz"]
[Site "Chess.com"]
[Date "2020.12.29"]
[Round "2"]
[White "jefferyx"]
[Black "Storne89"]
[Result "1-0"]
[WhiteElo "2915"]
[BlackElo "2582"]
[TimeControl "180+1"]
[EndTime "10:15:32 PST"]
[Termination "jefferyx won by resignation"]

1. d4 Nf6 2. c4 e6 3. Nc3 Bb4 4. Qc2 O-O 5. a3 Bxc3+ 6. Qxc3 d6 7. Nf3 Nbd7 8. e3 b6 9. Be2 Bb7 10. O-O Qe7 11. b4 c5 12. Bb2 Rac8 13. dxc5 bxc5 14.
b5 Rfd8 15. a4 e5 16. a5 Nf8 17. Rfd1 Ne6 18. Nd2 Ng5 19. Qc2 h5 20. Qf5 Nge4 21. Nxe4 Bxe4 22. Qg5 Bg6 23. Bf3 Qe6 24. Qh4 Qf5 25.
Bb7 Rc7 26. a6 Qc2 27. Bxe5 Rcd7 28. Bxf6 gxf6 29. Qxf6 Qxc4 30. Bc6 1-0

[Event "*** Titled Tuesday Blitz"]
[Site "Chess.com"]
[Date "2020.12.29"]
[Round "2"]
[White "lacafi"]
[Black "skoularikii"]
[Result "0-1"]
[WhiteElo "2125"]
[BlackElo "2610"]
[TimeControl "180+1"]
[EndTime "10:15:34 PST"]
[Termination "skoularikii won by resignation"]

1. d4 d5 2. Nf3 Nf6 3. e3 g6 4. b3 Bg7 5. Bb2 O-O 6. Be2 c5 7. O-O cxd4 8. exd4 Nh5 9. g3 Bh3 10. Re1 Nf6 11. c4 Nc6 12. c5 Ne4 13. a3 a5 14.
Nbd2 Nxc5 15. Rc1 Ne6 16. Nf1 Qb6 17. Ne3 Rfd8 18. Rxc6 bxc6 19. Ne5 Rab8 20. b4 axb4 21. axb4 Qxb4 22. Nxc6 Qxb2 23. Nxb8 Qxb8 0-1

[Event "*** Titled Tuesday Blitz"]
[Site "Chess.com"]
[Date "2020.12.29"]
[Round "2"]
[White "yuki_chess123"]
[Black "MashaFromRussia"]
[Result "1-0"]
[WhiteElo "2184"]
[BlackElo "2394"]
[TimeControl "180+1"]
[EndTime "10:15:38 PST"]
[Termination "yuki_chess123 won by resignation"]

1. e4 c5 2. Nf3 Nc6 3. Bb5 d6 4. c4 g6 5. Nc3 Bg7 6. d4 cxd4 7. Nxd4 Bd7 8. Be3 a6 9. Bxc6 bxc6 10. O-O c5 11. Nde2 Nf6 12. e5 dxe5 13. Bxc5 Rc8 14. b4 O-O 15. Rc1 Be6 16. Nd5 Nxd5 17. cxd5 Bxd5 18. Bxe7 Qxe7 19. Qxd5 Qxb4 20. Rxc8 Rxc8 21. Ng3 Qd4 22. Qb7 Rc2 23. Qxa6 Bf8 24. Qa8 Kg7 25.
a4 h5 26. Qe4 Qc5 27. Re1 Qxf2+ 28. Kh1 Bd6 29. Rf1 Qd4 30. Qxc2 h4 31. Ne4 Bb4 32. Ng5 1-0

[Event "*** Titled Tuesday Blitz"]
[Site "Chess.com"]
[Date "2020.12.29"]
[Round "2"]
[White "Walter_White_Poland"]
[Black "Korchmar_Vasiliy"]
[Result "1/2-1/2"]
[WhiteElo "2326"]
[BlackElo "2563"]
[TimeControl "180+1"]
[EndTime "10:15:43 PST"]
[Termination "Game drawn by repetition"]

1. e4 c5 2. Nf3 d6 3. d4 cxd4 4. Nxd4 Nf6 5. Nc3 Nc6 6. Bg5 e6 7. Qd2 a6 8. O-O-O h6 9. Bxf6 Qxf6 10. Nxc6 bxc6 11. Bc4 Qd8 12. Kb1 Be7 13. h4 O-O 14.
g4 d5 15. Bb3 Bxh4 16. f4 e5 17. g5 hxg5 18. fxe5 Bg4 19. Rdg1 Bf3 20. Rxh4 gxh4 21.
Qh6 g6 22. Rxg6+ fxg6 23. Qxg6+ Kh8 24. Qh6+ Kg8 25. Qg6+ Kh8 26. Qh6+ Kg8 27. Qg6+ 1/2-1/2

[Event "*** Titled Tuesday Blitz"]
[Site "Chess.com"]
[Date "2020.12.29"]
[Round "2"]
[White "UCantHandleDenker"]
[Black "amintabatabaei"]
[Result "0-1"]
[WhiteElo "2578"]
[BlackElo "2912"]
[TimeControl "180+1"]
[EndTime "10:15:47 PST"]
[Termination "amintabatabaei won by resignation"]

1. Nf3 d5 2. g3 g6 3. Bg2 Bg7 4.
O-O e5 5. d3 Ne7 6. Nbd2 O-O 7.
e4 Nbc6 8. c3 Re8 9. b4 a6 10.
Qc2 h6 11. Bb2 Be6 12. a3 Qd7 13. Rfe1 Bh3 14. Rad1 Bxg2 15. Kxg2 Rad8 16. h3 g5 17. exd5 Qxd5 18. Nc4 Ng6 19. Ne3 Qd7 20. c4 Nd4 21.
Bxd4 exd4 22. Nd5 g4 23. Ng1 c6 24. Nb6 gxh3+ 25. Nxh3 Qg4 26. Ng1 h5 27. Rxe8+ Rxe8 28. Re1 Rxe1 0-1

[Event "*** Titled Tuesday Blitz"]
[Site "Chess.com"]
[Date "2020.12.29"]
[Round "2"]
[White "FairChess_on_YouTube"]
[Black "NiranjanNavalgund"]
[Result "1-0"]
[WhiteElo "3005"]
[BlackElo "2480"]
[TimeControl "180+1"]
[EndTime "10:15:48 PST"]
[Termination "FairChess_on_YouTube won by resignation"]

1. d4 Nf6 2. c4 Nc6 3. Nf3 e6 4. a3 d6 5. Nc3 g6 6. e4 Bg7 7. Be2 O-O 8. O-O Re8 9. d5 exd5 10.
cxd5 Nb8 11. Bb5 c6 12. dxc6 bxc6 13. Bd3 Nbd7 14. Be3 Rb8 15. Bc4 Ne5 16. Nxe5 dxe5 17. b4 Qc7 18. Qa4 a6 19. Rfd1 Nd7 20. Rac1 Nb6 21.
Qa5 Qb7 22. Bf1 Bf6 23. h3 Bd8 24. Rxd8 Rxd8 25. Na4 Nxa4 26. Qxd8+ Kg7 27. Bg5 Be6 28. Bf6+ Kh6 29. Qd2+ 1-0

[Event "*** Titled Tuesday Blitz"]
[Site "Chess.com"]
[Date "2020.12.29"]
[Round "2"]
[White "RobPeresian"]
[Black "Marianov_Podstavnikov"]
[Result "1-0"]
[WhiteElo "2454"]
[BlackElo "2250"]
[TimeControl "180+1"]
[EndTime "10:15:48 PST"]
[Termination "RobPeresian won by resignation"]

1. Nf3 Nf6 2. c4 e6 3. Nc3 d5 4. d4 dxc4 5. Bg5 h6 6. Bxf6 Qxf6 7.
e4 Bb4 8. Bxc4 c5 9. O-O O-O 10. a3 cxd4 11. axb4 dxc3 12. e5 Qf4 13. Qe2 cxb2 14. Rab1 Nd7 15. Rfd1 Qf5 16. Rxb2 Nb6 17. Bd3 Qh5 18. Qe4 g6 19. g4 Qh3 20. Bf1 1-0

[Event "*** Titled Tuesday Blitz"]
[Site "Chess.com"]
[Date "2020.12.29"]
[Round "2"]
[White "esteban062000"]
[Black "grunbergmihai"]
[Result "0-1"]
[WhiteElo "2194"]
[BlackElo "2419"]
[TimeControl "180+1"]
[EndTime "10:15:49 PST"]
[Termination "grunbergmihai won by resignation"]

1. Nf3 d5 2. c4 d4 3. b4 c5 4. b5 f6 5. d3 e5 6. g3 Bd6 7. Bg2 Ne7 8. O-O O-O 9. Nbd2 Be6 10. a4 Qd7 11. Ne4 f5 12. Nxd6 Qxd6 13. Ng5 Bc8 14. Qb3 Nd7 15. Ba3 Nf6 16. e3 h6 17. Nf3 e4 18.
dxe4 fxe4 19. Nd2 dxe3 20. Nxe4 Nxe4 21. Bxe4 Bh3 22. Bg2 exf2+ 23. Kh1 Bxg2+ 24. Kxg2 Nf5 25. Rad1 Qe6 26. Rd3 Qe4+ 27. Rf3 Nd4 28. Qe3 Qxf3+ 29. Qxf3 Rxf3 30. Bxc5 Rd3 31. Rxf2 Rc8 32. Bxa7 Rxc4 33.
Re2 Nxe2 0-1

[Event "*** Titled Tuesday Blitz"]
[Site "Chess.com"]
[Date "2020.12.29"]
[Round "2"]
[White "Kopytkin"]
[Black "RamyresCoelho"]
[Result "0-1"]
[WhiteElo "2370"]
[BlackElo "2102"]
[TimeControl "180+1"]
[EndTime "10:15:52 PST"]
[Termination "RamyresCoelho won by checkmate"]

1. e4 c5 2. d4 cxd4 3. c3 d3 4. Bxd3 Nc6 5. Be3 Nf6 6. f4 d6 7. Nf3 Ng4 8. Bg1 e6 9. Nbd2 Be7 10. Qe2 O-O 11. O-O-O Qa5 12. Kb1 a6 13. h3 Nf6 14.
g4 Nd7 15. Nc4 Qc7 16. g5 b5 17. Ne3 b4 18. c4 Nc5 19. h4 a5 20. h5 a4 21. g6 Na5 22. h6 fxg6 23. hxg7 Kxg7 24. Qh2 h5 25. f5 exf5 26. exf5 Nxd3 27. Rxd3 Bxf5 28. Nxf5+ Rxf5 29. Nd4 Rf1+ 30. Kc2 Qxc4+ 31. Kd2 Qc1+ 32. Ke2 Qe1# 0-1